AoeStats
← Talerx3764

Hill Fort

506303980Analyzed
2v2 RM · 19d ago on Sep 13, 2026· 38m 16s· 4 players
Game mode
Random Map
Map size
Medium (4 player)
Population
200
Speed
Normal
Resources
Standard
Victory
Conquest
Starting age
Dark Age
Ending age
Imperial Age
RankedLock teamsTeams togetherTeam positionsShared explorationLock speedFull tech treeHidden civsTurbo modeCheats
Victory
Defeat
🇺🇸 Turks · United States
966
+24
🇲🇽 Britons · Mexico
787
+14
🇨🇱 Goths · Chile
771
-11
🇺🇸 Spanish · United States
767
-11
Talerx3764
1:16 Loom
11:05 Feudal Age
11:32 Double-Bit Axe
12:59 Horse Collar
13:28 Man-at-Arms
16:10 Gold Mining
21:19 Castle Age
19:56 Stone Mining
23:36 Bow Saw
24:06 Stone Shaft Mining
23:47 Heavy Plow
25:06 Pikeman
25:47 Squires
26:01 Elite Skirmisher
27:03 Scale Mail Armor
27:14 Forging
28:30 Elite Skirmisher
29:18 Fletching
35:12 Chain Mail Armor
35:33 Iron Casting
36:25 Anarchy
36:32 Murder Holes
Koi boy 1999
11:15 Feudal Age
11:36 Horse Collar
11:43 Double-Bit Axe
13:52 Loom
20:46 Castle Age
18:51 Stone Mining
19:32 Gold Mining
21:28 Elite Skirmisher
22:37 Bow Saw
23:43 Pikeman
28:08 Wheelbarrow
33:58 Scale Mail Armor
34:03 Scale Barding Armor
34:06 Husbandry
33:33 Light Cavalry
MrKaos
3:13 Loom
3:47 Loom
11:40 Feudal Age
18:43 Castle Age
17:10 Double-Bit Axe
17:08 Horse Collar
20:20 Bloodlines
20:53 Scale Barding Armor
25:43 Bow Saw
26:02 Town Watch
26:16 Gold Mining
Leobiwankenobi
11:32 Feudal Age
12:01 Town Watch
12:04 Loom
12:12 Double-Bit Axe
12:09 Horse Collar
18:53 Castle Age
19:12 Crossbowman
21:58 Wheelbarrow
21:28 Heavy Plow
21:37 Light Cavalry
25:13 Bow Saw
25:05 Town Patrol
27:25 Hand Cart
28:19 Pikeman
33:26 Ballistics
36:23 Imperial Age
34:49 Squires
35:11 Fletching
35:54 Bodkin Arrow
35:58 Murder Holes
38:11 Two-Man Saw
37:47 Warwolf
39:19 Chemistry
38:32 Forging
38:23 Scale Mail Armor
38:24 Bracer
Connection lost

Rejoining the realm…

Still unreachable

The connection could not be restored.

Session expired

The server has moved on; the page needs a fresh start.